 Dungeon Crawl Stone Soup version 0.27.0-1-g7a089689b8 (webtiles) character file.

Game seed: 16804903991847565781

73 ZARRMARR the Digger (level 4, -1/34 HPs)
             Began as a Draconian Earth Elementalist on Aug 3, 2021.
             Succumbed to an adder's poison
             ... on level 3 of the Dungeon.
             The game lasted 00:12:48 (3632 turns).

ZARRMARR the Digger (Draconian Earth Elementalist)  Turns: 3632, Time: 00:12:49

Health: -1/34      AC:  5    Str: 10    XL:     4   Next: 8%
Magic:  5/7        EV: 12    Int: 17    God:
Gold:   120        SH:  0    Dex: 11    Spells: 4/7 levels left

rFire    . . .     SeeInvis .   a - +0 club
rCold    + . .     Faith    .   (no shield)
rNeg     . . .     Spirit   .   (armour unavailable)
rPois    .         Reflect  .   (helmet restricted)
rElec    .         Harm     .   (no cloak)
rCorr    .         Rampage  .   (no gloves)
Will     .....                  (no boots)
Stlth    +.........             (no amulet)
HPRegen  0.11/turn              (no ring)
MPRegen  0.10/turn              (no ring)

@: lethally poisoned (-1 -> -10), very slow
A: AC +5, unfitting armour, cold-blooded, cold resistance 1, MP-powered wands
a: no special abilities


You were on level 3 of the Dungeon.
You visited 1 branch of the dungeon, and saw 3 of its levels.

You collected 120 gold pieces.

Inventory:

Hand Weapons
 a - a +0 club (weapon)
Missiles
 b - 10 stones (quivered)
Jewellery
 f - a ring of magical power
Scrolls
 e - a scroll of noise


   Skills:
 + Level 0.4 Fighting
 + Level 1.3 Maces & Flails
 + Level 0.8 Throwing
 + Level 2.0 Dodging
 + Level 2.2 Stealth
 + Level 2.4 Spellcasting
 + Level 1.0 Transmutations
 + Level 3.6 Earth Magic


You had 4 spell levels left.
You knew the following spells:

 Your Spells              Type           Power      Damage    Failure   Level
a - Sandblast             Erth           28%        2d8       4%          1
b - Passwall              Tmut/Erth      8%         N/A       11%         2

Your spell library contained the following spells:

 Spells                   Type           Power      Damage    Failure   Level
 Stone Arrow              Conj/Erth      16%        3d8       26%         3
 Petrify                  Tmut/Erth      10%        N/A       56%         4


Dungeon Overview and Level Annotations

Branches:
Dungeon (3/15)

Altars:

Portals:
Sewer: D:3


Innate Abilities, Weirdness & Mutations

Your plain brown scales are hard. (AC +5)
You cannot fit into any form of body armour.
You are cold-blooded and may be slowed by cold attacks.
Your flesh is cold resistant. (rC+)
You expend magic power (3 MP) to strengthen your wands.


Message History

Confirm with . or Enter, or press ? or * to list all spells.
Aiming: Sandblast (safe; 4% risk of failure)
Press: ? - help, Shift-Dir - straight line, f - adder
Aim: an adder (66% to hit)
The blast of sand misses the adder.
b - 11 stones You feel sick.
The adder closely misses you. The adder bites you.
You are more poisoned.
The adder poisons you! The adder bites you.
You are more poisoned.
The adder poisons you!
Casting: Sandblast (safe; 4% risk of failure)
Confirm with . or Enter, or press ? or * to list all spells.
Aiming: Sandblast (safe; 4% risk of failure)
Press: ? - help, Shift-Dir - straight line, f/p - adder
Aim: an adder (66% to hit)
The blast of sand hits the adder!
The adder is almost dead.
b - 10 stones You feel very sick.
The adder bites you. The adder misses you. The adder bites you.
* * * LOW HITPOINT WARNING * * *
The adder bites you.
* * * LOW HITPOINT WARNING * * *
You are more poisoned.
The adder poisons you!
It was a potion of mutation.
You feel extremely strange.
You feel your magical essence link to the dungeon's wands.
You feel resistant to cold.
* * * LOW HITPOINT WARNING * * *
You feel very sick. The adder misses you.
The adder bites you but does no damage. x2
The adder closely misses you. The adder bites you but does no damage.
Your unstable footing causes you to fumble your attack.
* * * LOW HITPOINT WARNING * * *
You feel very sick.
The adder barely misses you. x2; The adder bites you but does no damage.
The adder closely misses you.
Your unstable footing causes you to fumble your attack.
You die...

#...... # ........
.....# # .#####..#
###$...# . # ........
.....# .. #
.##....####....###.# #
#...S............# #
#.#.....##.#######.# #
...........#≈≈S≈≈#.# #
######......'≈@SB≈#.# #
........#.#.#≈≈S≈≈#[#
#########.#.#.#######.#
..........#.#..........#
###########.#.#####.....
..#.# ##### ###.# ..#


You could see 3 adders and a giant cockroach.

Vanquished Creatures
  2 adders
  A worm (D:3)
  A dart slug (D:1)
  An orc (D:3)
  3 bats
  8 endoplasms
  6 goblins
  4 hobgoblins
  A jackal (D:2)
  3 quokkas (D:1)
  A ball python (D:1)
  7 frilled lizards
  4 kobolds
  5 rats
47 creatures vanquished.

Vanquished Creatures (others)
  4 plants (D:2)
4 creatures vanquished.

Grand Total: 51 creatures vanquished

Notes
Turn   | Place    | Note
-------+----------+-------------------------------------------
     0 | D:1      | ZARRMARR the Draconian Earth Elementalist began the quest
                  | for the Orb.
     0 | D:1      | Reached XP level 1. HP: 14/14 MP: 3/3
   253 | D:1      | Found a faded altar of an unknown god.
   355 | D:1      | Reached XP level 2. HP: 17/20 MP: 5/5
  1661 | D:1      | Reached XP level 3. HP: 14/26 MP: 6/6
  2014 | D:2      | Reached skill level 1 in Maces & Flails
  3151 | D:2      | Learned a level 2 spell: Passwall
  3338 | D:3      | Reached XP level 4. HP: 26/34 MP: 4/7
  3618 | D:3      | Found a glowing drain.
  3630 | D:3      | Gained mutation: You expend magic power (3 MP) to
                  | strengthen your wands. [potion of mutation]
  3630 | D:3      | Gained mutation: Your flesh is cold resistant. (rC+)
                  | [potion of mutation]
  3632 | D:3      | Succumbed to an adder's poison

Illustrated notes

Levels and vault maps discovered:
D:1:      ncdulo_wetmaze, layout_loops_ring, dreamdust_ecumenical_altar_grove
D:2:      minmay_skewed_foursquare, layout_rooms, serial_park_tiny_pond,
          minmay_lizard_king
D:3:      layout_basic, gup_sewer_entry_glass, grunt_decor_resistance,
          minmay_hedge_maze

Skill      XL: |  1  2  3 |
---------------+----------+-----
Stealth        | 2 |  2.2
Maces & Flails | 1 |  1.3
Dodging        | 2 |  2.0
Fighting       | |  0.4
Throwing       | |  0.8
Spellcasting   | |  2.4
Transmutations | |  1.0
Earth Magic    | |  3.6

Action                   |  1- 3 |  4- 6 || total
-------------------------+-------+-------++-------
Melee: Club              |    94 |    53 ||   147
       Tailslap          |    12 |    10 ||    22
Throw: Stone             |     6 |     1 ||     7
 Cast: Sandblast         |    40 |     3 ||    43
  Use: Scroll            |     2 |     1 ||     3
       Potion            |       |     1 ||     1
 Stab: Sleeping          |     6 |       ||     6
Armor: Skin              |    23 |     9 ||    32
Dodge: Dodged            |    76 |    20 ||    96
